 Seeded DCSS version 0.30.0-10-gfe55d96785 (webtiles) character file.

Game seed: 10090500252402427320 (custom seed)

957 GigaChad the Cudgeller (level 8, -4/62 HPs)
             Began as a Formicid Fighter on May 15, 2023.
             Was a Believer of the Shining One.
             Slain by a gnoll
             ... wielding a +0 flail
             ... led by a gnoll bouda
              (9 damage)
             ... on level 5 of the Dungeon.
             The game lasted 00:05:01 (3907 turns).

GigaChad the Cudgeller (Formicid Fighter)           Turns: 3907, Time: 00:05:02

Health: -4/62      AC: 14    Str: 22    XL:     8   Next: 37%
Magic:  17/17      EV: 10    Int: 12    God:    the Shining One [**....]
Gold:   307        SH:  0    Dex: 13    Spells: 7/7 levels left

rFire   . . .        m - +7 giant club "Leviticus" {heavy, rPois rC+}
rCold   + + .        (shield currently unavailable)
rNeg    + . .        b - +0 scale mail
rPois   +            (helmet unavailable)
rElec   .            o - +0 cloak
rCorr   .            i - +1 pair of gloves of the Conjuring Gods {rC+ MP+9 Int+3 Stlth-}
SInv    +            q - +2 pair of boots
Will    .....        (no amulet) Stlth
                     (no ring)
HPRegen 0.30/turn    (no ring)
MPRegen 0.15/turn

%: no passive effects
@: glowing
A: permanent stasis, dig shafts and tunnels, antennae 3, four strong arms
a: Dig, Shaft Self, Renounce Religion, Divine Shield


You were on level 5 of the Dungeon.
You worshipped the Shining One.
The Shining One was pleased with you.
You visited 2 branches of the dungeon, and saw 6 of its levels.
You also visited: Ossuary.

You collected 307 gold pieces.

Inventory:

Hand Weapons
 a - a +0 war axe
 m - the +7 giant club "Leviticus" (weapon) {heavy, rPois rC+}
   (You acquired it on level 2 of the Dungeon)

   rC:        It protects you from cold.
   rPois:     It protects you from poison.
 n - a +3 quarterstaff of chaos
Armour
 b - a +0 scale mail (worn)
 i - the +1 pair of gloves of the Conjuring Gods (worn) {rC+ MP+9 Int+3 Stlth-}
   (You acquired it on level 1 of the Dungeon)

   Int:       It affects your intelligence (+3).
   rC:        It protects you from cold.
   MP:        It affects your magic capacity (+9).
   Stlth:     It makes you less stealthy.
 o - a +0 cloak (worn)
 q - a +2 pair of boots (worn)
Scrolls
 g - a scroll of fog {unknown}
 h - 6 scrolls of identify {unknown}
 k - 4 scrolls of teleportation {unknown}
 p - a scroll of brand weapon {unknown}
 r - a scroll of silence {unknown}
 t - a scroll of magic mapping {unknown}
 v - a scroll of vulnerability {unknown}
 x - a scroll of enchant weapon {unknown}
 y - a scroll of blinking {unknown}
 A - a scroll of enchant armour {unknown}
Potions
 c - 6 potions of curing {unknown}
 d - 4 potions of might
 e - 3 potions of flight {unknown}
 f - 3 potions of brilliance {unknown}
 j - 2 potions of haste {unknown}
 l - 2 potions of heal wounds {unknown}
 s - 4 potions of invisibility {unknown}
 u - 2 potions of mutation
 w - a potion of lignification {unknown}
 z - 3 potions of magic {unknown}


   Skills:
 * Level 5.1 Fighting
 - Level 2.1(4.6) Axes
 * Level 6.4(6.6) Maces & Flails
 * Level 5.3 Armour
 * Level 2.3 Dodging
 - Level 4.3 Shields


You had 7 spell levels left.
You didn't know any spells.
Your spell library contained the following spells:

 Spells                   Type           Power      Damage    Failure   Level
 Apportation              Tloc           0%         N/A       63%         1
 Necrotise                Necr           0%         1d4       63%         1
 Summon Small Mammal      Summ           0%         N/A       63%         1
 Ensorcelled Hibernation  Hex/Ice        0%         N/A       77%         2
 Spider Form              Tmut/Pois      0%         N/A       94%         3
 Anguish                  Hex/Necr       0%         N/A       100%        4
 Cause Fear               Hex            0%         N/A       100%        4
 Dragon Form              Tmut           0%         N/A       100%        7
 Dragon's Call            Summ           0%         N/A       100%        9


Dungeon Overview and Level Annotations

Branches:
Dungeon (5/15)             Temple (1/1) D:4         Ossuary (visited)

Altars:
Gozag
Kikubaaqudgha
Nemelex Xobeh
Trog
Yredelemnul
The Shining One

Shops:
D:5 [


Innate Abilities, Weirdness & Mutations

You cannot be hasted, slowed, berserked, paralysed or teleported.
You can dig through walls and to a lower floor.
You have a pair of large antennae on your head. (SInv)
Your four strong arms can wield two-handed weapons with a shield.


Message History

Your attacks no longer feel as feeble.
The gnoll hits you with a +0 whip.
* * * LOW HITPOINT WARNING * * *
The gnoll hits you but does no damage.
The gnoll bouda hits you but does no damage.
The gnoll hits you with a +0 whip.
* * * LOW HITPOINT WARNING * * *
The gnoll closely misses you. The gnoll bouda misses you.
You beat the gnoll like a drum!!!
You kill the gnoll!
The gnoll barely misses you.
A gnoll comes into view. It is wielding a +0 flail.
The gnoll bouda barks out a call to the hunt!
The gnoll picks up the pace!
The gnoll hits you but does no damage. The gnoll bouda closely misses you.
The gnoll shouts!
The gnoll bouda hits you with a +0 whip.
* * * LOW HITPOINT WARNING * * *
Things that are here:
a +0 flail; a gnoll corpse Unknown command.
You bludgeon the gnoll bouda!!
You kill the gnoll bouda!
The Shining One accepts your kill.
You feel better.
The gnoll hits you but does no damage. x2
The gnoll hits you with a +0 flail.
* * * LOW HITPOINT WARNING * * *
Unknown command.
The gnoll is no longer moving quickly.
The gnoll hits you but does no damage. The gnoll barely misses you.
Items here: ) [ ††.
Unknown command.
The gnoll attacks as you move away! The gnoll hits you with a +0 whip.
* * * LOW HITPOINT WARNING * * *
Unknown command.
Unknown command.
You sock the gnoll!
You kill the gnoll!
The gnoll hits you with a +0 flail!
You die...

#.# #. #.## #.# # #...
#..#########.# #...
............# #...
#..........# #...
##<../......# ##'#
#...g.......# #..
#..))@....##### #..
#...†.....#...######..
#.........#.>.#......#
#.#########...#.######
#.# ###...#.##### #.#
#...........#
#.#########..[......#
#.........#.........#
#########.#.........#


You could see a gnoll (swift).

Vanquished Creatures
  Grinder (D:5)
  Menkaure (D:5)
  A phantom (D:5)
  A centaur zombie (Ossuary)
  A human zombie (Ossuary)
  A jelly (D:3)
  Crazy Yiuf (D:2)
  A hound (D:5)
  A gnoll bouda (D:5)
  5 iguanas
  A sleepcap (D:5)
  6 mummies (Ossuary)
  2 gnolls (D:5)
  5 adders
  A white imp (D:5)
  2 worms (D:3)
  A dart slug (D:5)
  9 orcs
  4 bats
  2 endoplasms (D:4)
  3 giant cockroaches
  6 goblins
  7 hobgoblins
  4 quokkas
  3 ball pythons
  2 frilled lizards (D:1)
  A gnoll zombie (Ossuary)
  6 kobolds
  4 kobold zombies (Ossuary)
  An orc zombie (Ossuary)
  4 rats
88 creatures vanquished.

Notes
Turn   | Place    | Note
-------+----------+-------------------------------------------
     0 | D:1      | GigaChad the Formicid Fighter began the quest for the Orb.
     0 | D:1      | Reached XP level 1. HP: 18/18 MP: 1/1
   304 | D:1      | Reached XP level 2. HP: 24/24 MP: 2/2
   761 | D:1      | Identified a scroll of acquirement
   761 | D:1      | Acquired the +1 pair of gloves of the Conjuring Gods {rC+
                  | MP+9 Int+3 Stlth-}
  1090 | D:2      | Found a sparkling altar of Nemelex Xobeh.
  1118 | D:2      | Reached XP level 3. HP: 29/30 MP: 3/3
  1118 | D:2      | Acquired the +7 giant club "Leviticus" {heavy, rPois rC+}
  1219 | D:2      | Found a runed translucent door.
  1220 | D:2      | Noticed Crazy Yiuf
  1336 | D:2      | Killed Crazy Yiuf
  1337 | D:2      | Reached XP level 4. HP: 37/37 MP: 4/4
  1488 | D:3      | Reached skill level 1 in Maces & Flails
  1641 | D:3      | Reached XP level 5. HP: 42/42 MP: 5/5
  1726 | D:3      | Reached skill level 2 in Maces & Flails
  1726 | D:3      | Reached skill level 1 in Dodging
  1763 | D:3      | Found a basalt altar of Yredelemnul.
  2314 | D:4      | Identified the +5 ring mail "Dyhon" {rN+ Str+4 Dex-3}
  2337 | D:4      | Found a staircase to the Ecumenical Temple.
  2351 | Temple   | Entered the Ecumenical Temple
  2364 | Temple   | Became a worshipper of the Shining One
  2487 | D:4      | Found a sand-covered staircase.
  2885 | Ossuary  | Entered an ossuary
  2905 | Ossuary  | Reached XP level 6. HP: 49/49 MP: 6/6
  2909 | Ossuary  | Reached skill level 3 in Maces & Flails
  2961 | Ossuary  | Reached * piety under the Shining One
  3087 | D:5      | Entered Level 5 of the Dungeon
  3133 | D:5      | Reached skill level 4 in Maces & Flails
  3133 | D:5      | Reached XP level 7. HP: 45/55 MP: 7/7
  3390 | D:5      | Found Yggoapn's Antique Armour Shoppe.
  3436 | D:5      | Found an opulent altar of Gozag.
  3478 | D:5      | Noticed Menkaure
  3481 | D:5      | Killed Menkaure
  3482 | D:5      | Reached skill level 5 in Maces & Flails
  3482 | D:5      | Reached skill level 5 in Armour
  3871 | D:5      | Noticed Grinder
  3876 | D:5      | Killed Grinder
  3877 | D:5      | Reached skill level 5 in Fighting
  3877 | D:5      | Reached skill level 6 in Maces & Flails
  3877 | D:5      | Reached XP level 8. HP: 62/62 MP: 8/8
  3888 | D:5      | Reached ** piety under the Shining One
  3907 | D:5      | Slain by a gnoll

Illustrated notes

Levels and vault maps discovered:
D:1:      nzn_arrival_settlement, layout_loops_corners, serial_bayou_ford_a,
          nicolae_kite_square_tiling_tiny
D:2:      layout_basic, basic_altar, uniq_crazy_yiuf_cottage
D:3:      layout_basic, mainiacjoe_overflow_brackets, minmay_hedge_maze
D:4:      layout_basic, temple_hall, chequers_ossuary_entry_cave
D:5:      layout_basic, mainiacjoe_overflow_paths, grunt_gozag_statues,
          serial_shops, shop, dreamdust_wishing_well, minmay_lizard_king,
          uniq_grinder, uniq_menkaure
Temple:   eino_temple_scatter_basement

Skill      XL: |  1  2  3  4  5  6  7 |
---------------+----------------------+-----
Fighting       | 4 5 |  5.1
Armour         | 4 5 |  5.3
Maces & Flails | 1 2 4 6 |  6.4
Dodging        | 1 2 |  2.3
Axes           | |  2.1
Shields        | |  4.3

Action                     |  1- 3 |  4- 6 |  7- 9 || total
---------------------------+-------+-------+-------++-------
  Melee: War axe           |    39 |       |       ||    39
         Giant club        |     4 |   109 |    22 ||   135
Ability: Dig               |       |     1 |       ||     1
    Use: Scroll            |     2 |       |       ||     2
 Armour: Scale mail        |    23 |    71 |    20 ||   114
  Dodge: Dodged            |    22 |    78 |    19 ||   119
  Block: Buckler           |     9 |       |       ||     9
